 Dungeon Crawl Stone Soup version 0.30.0-16-gbe6223bb7e (webtiles) character file.

Game seed: 12468209658461003824

65 Twinkles the Slasher (level 3, -5/27 HPs)
             Began as a Vampire Warper on May 21, 2023.
             Slain by Terence
             ... wielding a +2 heavy hand axe
              (15 damage)
             ... on level 3 of the Dungeon.
             The game lasted 00:02:52 (1778 turns).

Twinkles the Slasher (Vampire Warper)               Turns: 1778, Time: 00:02:53

Health: -5/27      AC:  4    Str: 10    XL:     3   Next: 94%
Magic:  0/6        EV: 12    Int: 15    God:
Gold:   59         SH:  0    Dex: 15    Spells: 6/6 levels left

rFire   . . .        a - +0 falchion
rCold   . . .        (no shield)
rNeg    . . .        b - +0 leather armour
rPois   .            (no helmet)
rElec   .            (no cloak)
rCorr   +            (no gloves)
SInv    +            j - +0 pair of boots
Will    .....        h - amulet of guardian spirit
Stlth   ++           l - ring of resist corrosion
HPRegen 0.44/turn    (no ring)
MPRegen 0.10/turn

%: guardian spirit
@: healing quickly
A: alive, fangs 3, see invisible, vampiric 2
a: Exsanguinate


You were on level 3 of the Dungeon.
You visited 1 branch of the dungeon, and saw 3 of its levels.

You collected 59 gold pieces.

Inventory:

Hand Weapons
 a - a +0 falchion (weapon)
Missiles
 d - 7 boomerangs of dispersal (quivered)
Armour
 b - a +0 leather armour (worn)
 j - a +0 pair of boots (worn)
Jewellery
 h - an amulet of guardian spirit (around neck)
 l - a ring of resist corrosion (left hand)
Scrolls
 e - 2 scrolls of teleportation {unknown}
 g - a scroll of fear {unknown}
 m - a scroll of identify {unknown}
 D - 2 scrolls of blinking
Potions
 f - 2 potions of flight {unknown}
 i - a potion of invisibility {unknown}
 k - 2 potions of ambrosia {unknown}
 N - a potion of heal wounds


   Skills:
 + Level 2.3 Fighting
 * Level 3.1 Long Blades
 - Level 0.7 Throwing
 - Level 0.7 Armour
 + Level 2.8 Dodging
 + Level 2.3 Stealth
 - Level 2.0 Spellcasting
 - Level 2.4 Translocations


You had 6 spell levels left.
You didn't know any spells.
Your spell library contained the following spells:

 Spells                   Type           Power      Damage    Failure   Level
 Blink                    Tloc           16%        N/A       17%         2
 Lesser Beckoning         Tloc           16%        N/A       17%         2
 Teleport Other           Tloc           8%         N/A       34%         3
 Vhi's Electric Charge    Tloc/Air       10%        N/A       50%         3
 Manifold Assault         Tloc           8%         N/A       75%         4


Dungeon Overview and Level Annotations

Branches:
Dungeon (3/15) Zot: 16193

Altars:

Annotations:
D:3 Terence


Innate Abilities, Weirdness & Mutations

Your natural rate of healing is accelerated.
You have razor-sharp teeth.
You have supernaturally acute eyesight. (SInv)
You are afflicted with vampirism and can become a bat while bloodless.


Message History

Terence is moderately wounded.
Terence hits you with a +2 heavy hand axe.
You hit Terence but do no damage.
Terence is moderately wounded.
Terence barely misses you.
You hit Terence but do no damage.
Terence is moderately wounded.
You closely miss Terence.
Terence is moderately wounded.
Terence hits you with a +2 heavy hand axe!
* * * LOW HITPOINT WARNING * * *
You feel much better.
Terence hits you with a +2 heavy hand axe.
Okay, then.
Unknown command.
You aren't carrying any items that you can evoke.
You don't know any spells.
Unknown command.
You barely miss Terence.
Terence is moderately wounded.
Terence hits you with a +2 heavy hand axe!
You hit Terence.
Terence is moderately wounded.
You hit Terence. You bite Terence, but do no damage.
Terence is heavily wounded.
Terence hits you with a +2 heavy hand axe!
* * * LOW HITPOINT WARNING * * *
You hit Terence but do no damage. You bite Terence, but do no damage.
Terence is heavily wounded.
Terence misses you.
You closely miss Terence.
Terence is heavily wounded.
Terence barely misses you.
You hit Terence. Your bite misses Terence.
Terence is severely wounded.
You barely miss Terence.
Terence is severely wounded.
Terence hits you with a +2 heavy hand axe!
Ouch! That really hurt!
You die...

...... ..... . ....
.. ...## .. ...#
#.##..# #....@# #..
#..@# ...#
##..###### ..#
#.......# #.#
#.#..##.# #.##
#.##....# ##..####
#.#####.####.......
..........##.##....
#.#####.........###
#. #.........##


You could see Terence.

Vanquished Creatures
  2 adders (D:3)
  A dart slug (D:2)
  3 ball pythons
  4 bats
  3 endoplasms
  3 giant cockroaches (D:2)
  4 goblins
  2 hobgoblins
  6 jackals
  A quokka (D:1)
  7 kobolds
  4 rats
40 creatures vanquished.

Notes
Turn   | Place    | Note
-------+----------+-------------------------------------------
     0 | D:1      | Twinkles the Vampire Warper began the quest for the Orb.
     0 | D:1      | Reached XP level 1. HP: 16/16 MP: 3/3
   300 | D:1      | Found a faded altar of an unknown god.
   330 | D:1      | Reached XP level 2. HP: 18/22 MP: 5/5
   376 | D:1      | Reached skill level 1 in Stealth
   985 | D:2      | Gained mutation: You are afflicted with vampirism and can
                  | become a bat while bloodless. [Vampire growth]
   985 | D:2      | Reached XP level 3. HP: 27/27 MP: 6/6
  1655 | D:3      | Reached skill level 3 in Long Blades
  1754 | D:3      | Noticed Terence
  1763 | D:3      | HP: 4/27 [Terence/+2 heavy hand axe (9)]
  1770 | D:3      | HP: 2/27 [Terence/+2 heavy hand axe (10)]
  1778 | D:3      | Slain by Terence

Illustrated notes

Levels and vault maps discovered:
D:1:      lightli_arrival_flooded_house, layout_loops_corners,
          hellmonk_ecumenical_altar_crossroads
D:2:      layout_basic, minmay_misc_feat_roman
D:3:      layout_rooms, dancing_weapons_uskayaw, grunt_ministairs_10,
          uniq_natasha, uniq_terence, uniq_sigmund

Skill      XL: |  1  2  3 |
---------------+----------+-----
Fighting       | 2 |  2.3
Stealth        | 1 2 |  2.3
Long Blades    | 3 |  3.1
Throwing       | |  0.7
Armour         | |  0.7
Dodging        | |  2.8
Spellcasting   | |  2.0
Translocations | |  2.4

Action                     || total
---------------------------++-------
  Melee: Falchion          ||   168
         Bite              ||    16
         Punch             ||     2
    Use: Potion            ||     2
   Stab: Sleeping          ||     3
 Armour: Leather armour    ||    42
  Dodge: Dodged            ||   111
